 Dungeon Crawl Stone Soup version 0.30-a0-913-g9934a0c (webtiles) character file.

Game seed: 8703250707258436136

249 Illumine the Shield-Bearer (level 6, -2/32 HPs)
             Began as a Vine Stalker Fighter on Mar 19, 2023.
             Splashed by a jelly's acid (4 damage)
             ... on level 4 of the Dungeon.
             The game lasted 00:04:08 (2039 turns).

Illumine the Shield-Bearer (Vine Stalker Fighter)   Turns: 2039, Time: 00:04:08

Health: -2/32      AC: -5    Str: 18    XL:     6   Next: 12%
Magic:  0/10       EV:  9    Int:  8    God:
Gold:   211        SH:  5    Dex: 16    Spells: 9/9 levels left

rFire   . . .      SeeInvis .    g - +1 dagger (speed)
rCold   . . .      Faith    .    c - +0 buckler
rNeg    . . .      Spirit   +    b - +0 scale mail
rPois   .          Reflect  .    (helmet restricted)
rElec   .          Rampage  .    (no cloak)
rCorr   .                        (no gloves)
Will    .....                    (no boots) Stlth
                                 (no amulet)
HPRegen 1.05/turn                (no ring)
MPRegen 0.12/turn                (no ring)

@: corroded
A: fangs 2, regeneration 1, magic shield, antimagic bite, no potion heal 2,
horns 1
a: no special abilities


You were on level 4 of the Dungeon.
You visited 1 branch of the dungeon, and saw 4 of its levels.

You collected 211 gold pieces.

Inventory:

Hand Weapons
 a - a +0 long sword
 g - a +1 dagger of speed (weapon)
Missiles
 n - 7 poisoned darts (quivered)
Armour
 b - a +0 scale mail (worn)
 c - a +0 buckler (worn)
Scrolls
 i - a scroll of identify {unknown}
 l - a scroll of blinking {unknown}
 m - a scroll of enchant armour {unknown}
Potions
 d - a potion of might
 e - 3 potions of mutation
 f - a potion of degeneration {unknown}
 h - 4 potions of curing {unknown}
 j - 2 potions of brilliance {unknown}
 k - a potion of lignification {unknown}


   Skills:
 + Level 3.5 Fighting
 * Level 2.3(2.7) Short Blades
 - Level 2.0(2.5) Long Blades
 + Level 3.1 Armour
 + Level 3.5 Shields
 + Level 2.2 Spellcasting


You had 9 spell levels left.
You didn't know any spells.
Your spell library contained the following spells:

 Spells                   Type           Power      Damage    Failure   Level
 Borgnjor's Revivificati  Necr           0%         N/A       100%        8
 Necromutation            Tmut/Necr      0%         N/A       100%        8
 Death's Door             Necr           0%         N/A       100%        9


Dungeon Overview and Level Annotations

Branches:
Dungeon (4/15)
 Temple: D:4-7

Altars:

Shops:
D:2 (*[


Innate Abilities, Weirdness & Mutations

You have extremely sharp teeth.
Your natural rate of healing is unusually fast.
When hurt, damage is shared between your health and your magic reserves.
Your bite disrupts and absorbs the magic of your enemies.
Potions cannot restore your health.
You have a pair of small horns on your head.


Message History

A giant cockroach is nearby!
You hit the giant cockroach.
Your headbutt misses the giant cockroach.
You bite the giant cockroach.
You kill the giant cockroach!
Found a scroll labelled IBRATUR BIHIU.
You see here a giant cockroach corpse.
No target in view!
No target in view!
You see here a giant cockroach corpse.
n - 7 poisoned darts (gained 3) No target in view!
You see here a giant cockroach corpse.
A jelly comes into view.
Found a stone staircase leading up.
A jelly is nearby!
A jelly is nearby!
The jelly hits you. The acid corrodes you!
You are splashed with acid!
You hit the jelly.
Your hands burn!
You headbutt the jelly, but do no damage.
You bite the jelly, but do no damage.
The jelly is lightly wounded.
You hit the jelly. The acid corrodes you!
Your hands burn!
You bite the jelly, but do no damage.
The jelly is moderately wounded.
The jelly hits you.
You are splashed with acid!
You are too injured to fight recklessly!
You are too injured to fight recklessly!
You hit the jelly but do no damage.
Your hands burn!
You bite the jelly. You drain its power.
You feel invigorated.
The jelly is moderately wounded.
You hit the jelly but do no damage. The acid corrodes you!
Your hands burn!
Your headbutt misses the jelly.
The jelly is moderately wounded.
The jelly hits you.
* * * LOW HITPOINT WARNING * * *
You are splashed with acid!
* * * LOW HITPOINT WARNING * * *
You hit the jelly but do no damage.
Your hands burn!
You die...

.#.........
.......?..## .
#.........#
#.#......=..###
#............<#
#..........#
#..........#
#..J@....#
#.........#†#
#.....#####.##
#..... #..## #.
#...#
####..#####...
#... .
#.............
...
..##............#
..
................
..
..##..........#
..


You could see a jelly.

Vanquished Creatures
  2 hounds (D:4)
  A jelly (D:4)
  A gnoll (D:4)
  9 adders
  An ufetubus (D:4)
  A dart slug (D:3)
  An orc (D:3)
  8 bats
  5 endoplasms
  3 giant cockroaches
  5 hobgoblins
  2 jackals (D:4)
  6 kobolds
  3 ball pythons
  7 frilled lizards
  8 goblins
  7 rats
70 creatures vanquished.

Notes
Turn   | Place    | Note
-------+----------+-------------------------------------------
     0 | D:1      | Illumine the Vine Stalker Fighter began the quest for the
                  | Orb.
     0 | D:1      | Reached XP level 1. HP: 11/11 MP: 2/2
   212 | D:1      | Reached XP level 2. HP: 16/16 MP: 3/3
   944 | D:2      | Reached skill level 1 in Spellcasting
   944 | D:2      | Reached XP level 3. HP: 19/19 MP: 5/5
  1034 | D:2      | Reached skill level 1 in Short Blades
  1166 | D:2      | Found Ylenap's Weapon Shop.
  1172 | D:2      | Gained mutation: Your natural rate of healing is unusually
                  | fast. [Vine Stalker growth]
  1172 | D:2      | Reached XP level 4. HP: 20/24 MP: 6/6
  1210 | D:2      | Found Ceyk's General Store.
  1305 | D:2      | Found Kikar's Armour Boutique.
  1390 | D:2      | Found Dodghiovi's Weapon Emporium.
  1886 | D:4      | Reached XP level 5. HP: 6/28 MP: 6/8
  1964 | D:4      | Reached XP level 6. HP: 29/32 MP: 7/10
  2000 | D:4      | Gained mutation: You have a pair of small horns on your
                  | head. [potion of mutation]
  2039 | D:4      | Splashed by a jelly's acid

Illustrated notes

Levels and vault maps discovered:
D:1:      psy_arrival_radial02, layout_loops_ring, grunt_decor_arrowhead
D:2:      layout_basic, serial_shops, nicolae_shop_hallway_plus,
          nicolae_shop_crystal, shop_coins, nicolae_shop_bloodbath_and_beyond
D:3:      layout_rooms, gammafunk_temple_overflow_claw, kennysheep_doodads,
          minmay_stone_trees_medium
D:4:      layout_rooms, nicolae_hepliaklqana_hazy_memory,
          nicolae_take_the_stairs, st_stairs_6, uniq_crazy_yiuf_cottage

Skill      XL: |  1  2  3  4  5 |
---------------+----------------+-----
Long Blades    | 2 |  2.0
Spellcasting   | 1 2 |  2.2
Fighting       | 3 |  3.5
Shields        | 3 |  3.5
Short Blades   | 1 2 |  2.3
Armour         | 3 |  3.1

Action                     |  1- 3 |  4- 6 || total
---------------------------+-------+-------++-------
  Melee: Long sword        |     6 |       ||     6
         Dagger            |    66 |   101 ||   167
         Bite              |    23 |    31 ||    54
         Headbutt          |       |     1 ||     1
    Use: Potion            |       |     2 ||     2
 Armour: Scale mail        |    21 |    32 ||    53
  Dodge: Dodged            |    19 |    33 ||    52
  Block: Buckler           |    14 |    18 ||    32

Table legend: (Time is in decaauts)
 A = Elapsed time spent in this place.
 B = Non-inter-level travel time spent in this place.
 C = Inter-level travel time spent in this place.
 D = Time resting spent in this place.
 E = Time spent auto-exploring this place.
 F = Levels seen in this place.
 G = Mean time per level.
                   A        B        C        D        E       F      G
               +--------+--------+--------+--------+--------+-----+--------+
         Total |   1981 |   1945 |     36 |     26 |   1531 |   4 |  495.2 |
       Dungeon |   1981 |   1945 |     36 |     26 |   1531 |   4 |  495.2 |
               +--------+--------+--------+--------+--------+-----+--------+

Top non-repeatable levels by time:
     D:1: 880 daAuts
     D:2: 747 daAuts
     D:3: 208 daAuts
     D:4: 145 daAuts
